 Dungeon Crawl Stone Soup version 0.25.0-8-gfd19cd77bd (webtiles) character file.

Game seed: 11097330998652874150

10186 Froggeryz the Severer (level 11, -2/95 HPs)
             Began as a Minotaur Berserker on June 16, 2020.
             Was the Champion of Trog.
             Killed by divine providence
             ... invoked by an orc priest
              (10 damage)
             ... on level 11 of the Dungeon.
             The game lasted 00:14:41 (9960 turns).

Froggeryz the Severer (Minotaur Berserker)          Turns: 9960, Time: 00:14:41

Health: -2/95      AC: 11    Str: 28    XL:     11   Next: 32%
Magic:  10/10      EV: 11    Int:  4    God:    Trog [******]
Gold:   341        SH:  4    Dex:  9    Spells: 10/10 levels left

rFire    . . .     SeeInvis .   x - +9 broad axe (flame)
rCold    . . .     Gourm    .   w - +0 buckler "Daimyesm" {rElec Str+2}
rNeg     . . .     Faith    +   e - +1 ring mail
rPois    .         Spirit   .   B - +0 hat
rElec    +         Reflect  .   (no cloak)
rCorr    +         Harm     .   (no gloves)
MR       .....                  h - +0 pair of boots
Stlth    ..........             m - amulet of faith
HPRegen  0.25/turn              r - +4 ring of protection
MPRegen  0.12/turn              H - ring of resist corrosion

@: lightly drained
A: retaliatory headbutt, horns 2
a: Berserk, Trog's Hand, Brothers in Arms, Renounce Religion


You were on level 11 of the Dungeon.
You worshipped Trog.
Trog was exalted by your worship.
You were not hungry.

You visited 2 branches of the dungeon, and saw 12 of its levels.
You also visited: Sewer and Ossuary.

You collected 559 gold pieces.
You spent 218 gold pieces at shops.

Inventory:

Hand Weapons
 b - a +2 antimagic broad axe
 x - a +9 broad axe of flaming (weapon)
Armour
 e - a +1 ring mail (worn)
 h - a +0 pair of boots (worn)
 s - a +0 tower shield
 w - the +0 buckler "Daimyesm" (worn) {rElec Str+2}
   (You bought it in a shop on level 4 of the Dungeon)

   It affects your strength (+2).
   It insulates you from electricity.
 B - a +0 hat (worn)
Jewellery
 m - an amulet of faith (around neck)
 r - a +4 ring of protection (left hand)
 H - a ring of resist corrosion (right hand)
Wands
 j - a wand of enslavement (8)
 F - a wand of acid (14)
Scrolls
 a - a scroll of identify
 n - a scroll of noise
 q - a scroll of remove curse
 t - a scroll of enchant armour
 v - 2 scrolls of fog
 y - 2 scrolls of immolation
 C - a scroll of fear
 D - 3 scrolls of teleportation
 G - a scroll of magic mapping
Potions
 d - 3 potions of might
 f - a potion of degeneration
 g - 2 potions of stabbing
 i - a potion of resistance
 k - a potion of haste {unknown}
 l - 6 potions of heal wounds
 o - a potion of lignification {unknown}
 p - 11 potions of curing
 u - 3 potions of flight
 z - 2 potions of mutation
Comestibles
 c - 22 rations


   Skills:
 + Level 8.3(8.2) Fighting
 * Level 17.9(17.7) Axes
 - Level 3.1(3.0) Armour
 - Level 2.1(2.0) Dodging
 - Level 5.4(5.2) Shields


You had 10 spell levels left.
You didn't know any spells.
Your spell library was empty.

Dungeon Overview and Level Annotations

Branches:
Dungeon (11/15)            Temple (1/1) D:5            Lair (0/6) D:8
  Sewer (visited)         Ossuary (visited)
    Orc: D:9-12

Altars:
Cheibriados
Dithmenos
Fedhas
Kikubaaqudgha
Nemelex Xobeh
Okawaru
Ru
Vehumet
Wu Jian
Yredelemnul

Shops:
D:4 [   D:8 (

Annotations:
D:3 exclusion: 2 goblins


Innate Abilities, Weirdness & Mutations

You reflexively headbutt those who attack you in melee.
You have a pair of horns on your head.


Message History

You slash the scorpion! You burn the scorpion.
Your headbutt misses the scorpion.
The scorpion is severely wounded.
Unknown command.
You slash the scorpion! You burn the scorpion.
You kill the scorpion!
Trog accepts your kill.
The cyclops throws a large rock.
The large rock hits you.
The cyclops throws a large rock.
The large rock hits you!
The orc priest looks satisfied for a moment.
Unknown command.
You block the hippogriff's attack. The hippogriff pecks you.
You block the hippogriff's attack.
The cyclops throws a large rock.
The large rock hits you!!
The cyclops throws a large rock.
The large rock hits you!!!
* * * LOW HITPOINT WARNING * * *
You see here 2 large rocks.
The orc priest mumbles some strange prayers to Beogh against you.
Beogh smites you!
You die...

.... ......#.
#.. ... .......#
... ..#.o.....
#..##.....#.##.
#.....#.....!.
.##..##)))...#
.......z(<.#.###
.......H(......#
##.....@.......#
#..........#...
#........#.# .$
#............. #
.....C.........
.#........#C....
..........#.....
...#####... ...


You could see 2 cyclopes, a hippogriff, a wight and an orc priest.

Vanquished Creatures
  A two-headed ogre (D:9)
  Pikel (D:8)
  An elephant (D:8)
  3 trolls
  A hippogriff (D:10)
  4 yaks
  A vampire (D:10)
  A basilisk (D:8)
  2 wyverns (D:10)
  A hungry ghost (D:7)
  A water moccasin (D:5)
  An ice beast (D:10)
  2 orc warriors
  5 sky beasts
  A slave (D:8)
  An eye of draining (D:10)
  3 black bears
  9 ogres
  7 centaurs
  2 crocodiles
  8 bullfrogs
  An elf zombie (Ossuary)
  2 big kobolds
  5 scorpions
  A wyvern skeleton (D:7)
  9 killer bees
  9 wights
  5 crimson imps
  4 centaur zombies
  2 bullfrog zombies
  7 hounds
  A human zombie (Ossuary)
  6 orc priests
  2 jellies
  11 orc wizards
  A bullfrog skeleton (D:7)
  3 iguanas
  5 worker ants
  A killer bee zombie (D:8)
  2 big kobold zombies (Ossuary)
  A hound skeleton (D:9)
  A howler monkey zombie (D:6)
  2 mummies (Ossuary)
  2 worker ant zombies
  4 gnolls (D:8)
  11 adders
  A howler monkey skeleton (D:5)
  7 river rats (Sewer)
  A shadow imp (D:5)
  2 oozes (D:3)
  An adder zombie (Ossuary)
  2 adder skeletons
  4 worms
  3 dart slugs
  3 leopard geckos
  27 orcs
  5 giant cockroaches
  4 hobgoblins
  14 jackals
  3 quokkas
  4 ball pythons
  8 bats
  7 frilled lizards
  A giant cockroach zombie (D:5)
  6 goblins
  A goblin zombie (Ossuary)
  14 hobgoblin zombies (Ossuary)
  A jackal skeleton (D:5)
  2 jackal zombies (Ossuary)
  32 kobolds
  6 kobold zombies (Ossuary)
  2 leopard gecko zombies
  6 orc zombies (Ossuary)
  A quokka skeleton (D:7)
  29 rats
  A rat zombie (Ossuary)
352 creatures vanquished.

Vanquished Creatures (collateral kills)
  A black bear (D:8)
1 creature vanquished.

Vanquished Creatures (others)
  A hound (D:8)
1 creature vanquished.

Grand Total: 354 creatures vanquished

Notes
Turn   | Place    | Note
-------+----------+-------------------------------------------
     0 | D:1      | Froggeryz the Minotaur Berserker began the quest for the
                  | Orb.
     0 | D:1      | Reached XP level 1. HP: 19/19 MP: 0/0
   335 | D:1      | Reached skill level 4 in Axes
   481 | D:1      | Reached XP level 2. HP: 27/27 MP: 1/1
  1021 | D:2      | Reached XP level 3. HP: 33/33 MP: 2/2
  1074 | D:2      | Reached skill level 5 in Axes
  1076 | D:2      | Reached ** piety under Trog
  1524 | D:2      | Found an iron altar of Okawaru.
  1728 | D:3      | Reached XP level 4. HP: 34/41 MP: 3/3
  1908 | D:3      | Found an iron altar of Okawaru.
  2045 | D:3      | Reached skill level 6 in Axes
  2496 | D:4      | Reached XP level 5. HP: 35/47 MP: 4/4
  2535 | D:4      | Reached *** piety under Trog
  2535 | D:4      | Reached skill level 5 in Fighting
  2599 | D:4      | Noticed an ogre
  2608 | D:4      | Killed an ogre
  2608 | D:4      | Reached skill level 7 in Axes
  2608 | D:4      | Reached XP level 6. HP: 54/56 MP: 5/5
  2789 | D:4      | Found a glowing drain.
  2793 | Sewer    | Entered a sewer
  2904 | Sewer    | Reached skill level 8 in Axes
  2950 | Sewer    | Reached **** piety under Trog
  2951 | Sewer    | Reached XP level 7. HP: 46/63 MP: 6/6
  3863 | D:4      | Found an ancient bone altar of Kikubaaqudgha.
  3881 | D:4      | Found a sacrificial altar of Ru.
  4092 | D:4      | Found Gudd's Antique Armour Shop.
  4095 | D:4      | Bought a brightly glowing buckler for 218 gold pieces
  4100 | D:4      | Identified the cursed +0 buckler "Daimyesm" {rElec Str+2}
                  | (You bought it in a shop on level 4 of the Dungeon)
  4207 | D:5      | Entered Level 5 of the Dungeon
  4211 | D:5      | Reached ***** piety under Trog
  4223 | D:5      | Reached skill level 1 in Shields
  4239 | D:5      | Found a sparkling altar of Nemelex Xobeh.
  4239 | D:5      | Found a radiant altar of Vehumet.
  4239 | D:5      | Found a basalt altar of Yredelemnul.
  4245 | D:5      | Reached skill level 9 in Axes
  4331 | D:5      | Reached XP level 8. HP: 62/71 MP: 7/7
  4352 | D:5      | Reached skill level 5 in Shields
  4378 | D:5      | Found a sacrificial altar of Ru.
  4425 | D:5      | Found a staircase to the Ecumenical Temple.
  4681 | D:5      | Found a shadowy altar of Dithmenos.
  4735 | Temple   | Entered the Ecumenical Temple
  4925 | D:6      | Reached skill level 10 in Axes
  5120 | D:6      | Received a gift from Trog
  5143 | D:6      | Found a sand-covered staircase.
  5149 | Ossuary  | Entered an ossuary
  5391 | Ossuary  | Reached skill level 11 in Axes
  5842 | D:6      | Reached XP level 9. HP: 61/77 MP: 8/8
  5874 | D:6      | Reached skill level 12 in Axes
  6002 | D:6      | Received a gift from Trog
  6445 | D:7      | Found a blossoming altar of Fedhas.
  6497 | D:7      | Reached skill level 13 in Axes
  7110 | D:7      | Found the +4 moon troll leather armour {Spirit, Regen++
                  | MP+5}
  7245 | D:7      | You fall into a shaft and drop 1 floor!
  7275 | D:8      | Found Cudomott's Antique Weapon Boutique.
  7290 | D:8      | Reached skill level 14 in Axes
  7494 | D:8      | Noticed Pikel
  7501 | D:8      | Killed Pikel
  7501 | D:8      | Reached XP level 10. HP: 65/84 MP: 9/9
  7703 | D:8      | Noticed an elephant
  7704 | D:8      | Found a staircase to the Lair.
  7710 | D:8      | Killed an elephant
  7710 | D:8      | Reached skill level 15 in Axes
  8052 | D:8      | Found an ornate altar of the Wu Jian Council.
  8147 | D:8      | Found a snail-covered altar of Cheibriados.
  8151 | D:8      | Received a gift from Trog
  8339 | D:9      | Reached skill level 16 in Axes
  8359 | D:9      | Noticed a two-headed ogre
  8360 | D:9      | Reached ****** piety under Trog
  8371 | D:9      | Killed a two-headed ogre
  8919 | D:9      | Found an ancient bone altar of Kikubaaqudgha.
  9084 | D:10     | Entered Level 10 of the Dungeon
  9084 | D:10     | Found a basalt altar of Yredelemnul.
  9090 | D:10     | Reached skill level 17 in Axes
  9235 | D:10     | Reached XP level 11. HP: 84/92 MP: 10/10
  9546 | D:10     | Received a gift from Trog
  9960 | D:11     | Killed from afar by an orc priest

Illustrated notes

Levels and vault maps discovered:
D:1:      wander_arrival_estate, layout_loops_corners
D:2:      layout_loops_ring, lemuel_coloured_pillars_altar,
          kennysheep_cross_bottleneck
D:3:      kennysheep_big_flooded_room, layout_basic, first_ration,
          kennysheep_okawaru_gauntlet
D:4:      layout_basic, kiku_gazebo_pond_becter, gup_sewer_entry_spiral,
          serial_shops, kennysheep_mini, nicolae_ru_path_of_blood
D:5:      layout_rooms, nicolae_overflow_hidden_temple,
          chequers_temple_overflow_statue_of_worship,
          minmay_temple_entry_glassed_door, basic_altar
D:6:      layout_basic, nicolae_ossuary_entry_plus
D:7:      layout_basic, overflow_temple_1_default, grunt_ogre_cave
D:8:      layout_loops_cross, marbit_many_paths, slow_altar_2,
          david_lair_generic, serial_shops, shop, uniq_pikel
D:9:      layout_loops_ring, basic_altar
D:10:     layout_long_grid, basic_altar
D:11:     layout_rooms, kennysheep_small_circle
Temple:   nicolae_temple_figure_eight

Skill      XL: |  1  2  3  4  5  6  7  8  9 10 11 |
---------------+----------------------------------+-----
Axes           | 4 5 6 7 8 9 11 14 17 | 17.9
Fighting       | 4 5 6 7 8 |  8.3
Armour         | 3 |  3.1
Shields        | 4 5 |  5.4
Dodging        | |  2.1

Action                   |  1- 3 |  4- 6 |  7- 9 | 10-12 || total
-------------------------+-------+-------+-------+-------++-------
Melee: Hand axe          |    81 |   145 |   209 |       ||   435
       Headbutt          |     7 |    19 |    54 |    34 ||   114
       Broad axe         |       |       |   152 |   182 ||   334
Invok: Berserk           |       |     1 |     3 |     1 ||     5
Evoke: Wand              |       |       |       |     2 ||     2
  Use: Potion            |       |     2 |     2 |       ||     4
       Scroll            |       |     1 |    16 |     5 ||    22
  Eat: Chunk             |     2 |     6 |    14 |     9 ||    31
       Ration            |       |       |     1 |       ||     1
Armor: Ring mail         |    30 |    55 |   123 |    49 ||   257
       Animal skin       |     3 |       |       |       ||     3
Dodge: Dodged            |    66 |    78 |   151 |    71 ||   366
Block: Buckler           |       |       |    48 |    36 ||    84
